 Dungeon Crawl Stone Soup version 0.30-a0-879-ga8ba668304 (webtiles) character file.

Game seed: 9555738415564634597

27 Mickster the Stinger (level 2, 0/23 HPs)
             Began as a Demigod Wanderer on Mar 13, 2023.
             Succumbed to an adder's poison
             ... on level 2 of the Dungeon.
             The game lasted 00:13:40 (1180 turns).

Mickster the Stinger (Demigod Wanderer)             Turns: 1180, Time: 00:13:41

Health: 0/23       AC:  3    Str:  9 (10) XL:     2   Next: 72%
Magic:  6/6        EV: 12    Int: 14 (16) God:
Gold:   63         SH:  0    Dex: 12 (14) Spells: 3/3 levels left

rFire   . . .      SeeInvis .    j - +0 rapier
rCold   . . .      Faith    .    (no shield)
rNeg    . . .      Spirit   .    h - +0 robe {Will+}
rPois   .          Reflect  .    (no helmet)
rElec   .          Rampage  .    (no cloak)
rCorr   .                        d - +0 pair of gloves
Will    +....                    (no boots)
Stlth   +                        (no amulet)
HPRegen 0.23/turn                (no ring)
MPRegen 0.10/turn                (no ring)

@: lethally poisoned (0 -> -4), very slow
A: high MP 1, forlorn, divine attributes
a: no special abilities


You were on level 2 of the Dungeon.
You visited 1 branch of the dungeon, and saw 2 of its levels.

You collected 119 gold pieces.
You spent 56 gold pieces at shops.

Inventory:

Hand Weapons
 e - a +0 whip
 g - a +0 mace
 j - a +0 rapier (weapon)
 k - a +0 sling
Missiles
 f - 9 stones
 n - 2 atropa-tipped darts (quivered)
Armour
 c - a +0 robe
 d - a +0 pair of gloves (worn)
 h - a +0 robe of willpower (worn)
Scrolls
 b - a scroll of fog


   Skills:
 + Level 1.1 Fighting
 * Level 0.9 Maces & Flails
 + Level 1.3 Dodging
 * Level 1.1 Spellcasting
 + Level 1.0 Fire Magic
 + Level 4.0 Poison Magic
 + Level 1.7 Evocations


You had 3 spell levels left.
You didn't know any spells.
Your spell library contained the following spells:

 Spells                   Type           Power      Damage    Failure   Level
 Sting                    Tmut/Pois      24%        1d4       12%         1
 Poisonous Vapours        Pois/Air       12%        N/A       17%         2
 Foxfire                  Conj/Fire      8%         2x1d4     22%         1
 Cigotuvi's Dreadful Rot  Necr/Pois/Air  8%         N/A       22%         2
 Ignite Poison            Fire/Tmut/Pois 5%         N/A       36%         3
 Mephitic Cloud           Conj/Pois/Air  4%         N/A       41%         3
 Olgreb's Toxic Radiance  Pois           12%        N/A       43%         4


Dungeon Overview and Level Annotations

Branches:
Dungeon (2/15)

Shops:
D:2 (


Innate Abilities, Weirdness & Mutations

You have an increased reservoir of magic. (+10% MP)
You shall have no god before yourself.
Your divine heritage dramatically boosts your attributes as you level up.


Message History

An adder comes into view.
Found a robe.
Found a faded altar of an unknown god.
Found a robe.
The adder hisses angrily.
You enter the shallow water.
Moving in this stuff is going to be slow.
The adder bites you.
You are poisoned.
The adder poisons you!
You feel sick. The adder barely misses you.
The adder bites you but does no damage.
You closely miss the adder.
You feel sick. The adder barely misses you. x2
You hit the adder.
The adder is heavily wounded.
You feel sick. The adder bites you.
You hit the adder.
The adder is severely wounded.
You feel sick.
You are no longer poisoned.
The adder bites you.
You are poisoned.
The adder poisons you! The adder bites you.
Your unstable footing causes you to fumble your attack.
You feel sick. The adder completely misses you.
You barely miss the adder.
The adder is severely wounded.
You feel sick. The adder bites you.
* * * LOW HITPOINT WARNING * * *
You are lethally poisoned!
The adder poisons you! The adder bites you but does no damage.
You hit the adder.
The adder is almost dead.
* * * LOW HITPOINT WARNING * * *
You feel sick. The adder barely misses you.
Your unstable footing causes you to fumble your attack.
* * * LOW HITPOINT WARNING * * *
You feel sick. The adder misses you. The adder closely misses you.
You hit the adder.
You kill the adder!
You die...

#.# #######...##
#...... #.# ###.##
#...... #.# #..#
####### #.### ####.#
#...#### ##P##.######
#.#....####...#†.....#
#.###...P#..[.##.....#
#.# ###.##.P~.♣#.....+
#.# #.#..~@._#.....#
#.# #..#.P~[♣#.....#
#.######.#....##.....#
#.##.).####...#......#
#.##...##.##.##.######
#.##...##..####.#
#.##...##...# #.#
#...........# #.#
#########...# #.#


There were no monsters in sight!

Vanquished Creatures
  An adder (D:2)
  A worm (D:2)
  2 ball pythons (D:1)
  4 endoplasms
  2 giant cockroaches (D:1)
  2 goblins (D:1)
  A hobgoblin (D:2)
  5 bats
  3 kobolds (D:1)
  2 rats (D:1)
23 creatures vanquished.

Vanquished Creatures (others)
  14 fungi
  4 plants (D:2)
  5 toadstools (D:1)
23 creatures vanquished.

Grand Total: 46 creatures vanquished

Notes
Turn   | Place    | Note
-------+----------+-------------------------------------------
     0 | D:1      | Mickster the Demigod Wanderer began the quest for the Orb.
     0 | D:1      | Mickster set off with the following items: a +0 dagger, a
                  | scroll of fog, a +0 robe, a +0 pair of gloves; and the
                  | following spells available to memorise: Sting, Foxfire,
                  | Cigotuvi's Dreadful Rot, Ignite Poison, Mephitic Cloud.
     0 | D:1      | Reached XP level 1. HP: 16/16 MP: 4/4
   235 | D:1      | Reached XP level 2. HP: 16/23 MP: 5/5
   248 | D:1      | Reached skill level 4 in Poison Magic
  1051 | D:2      | Found Naboock's Weapon Shop.
  1061 | D:2      | Bought a +0 rapier for 56 gold pieces
  1180 | D:2      | Succumbed to an adder's poison

Illustrated notes

Levels and vault maps discovered:
D:1:      evilmike_arrival_plus, layout_rooms, minmay_gold_behind_fungi,
          chequers_serial_rivers_micro_b, minmay_vboxes
D:2:      layout_basic, serial_shops, nicolae_shop_bloodbath_and_beyond,
          dreamdust_ecumenical_altar_hidden_monk_grotto, uniq_sigmund,
          uniq_crazy_yiuf_cottage, uniq_terence

Skill      XL: |  1  2 |
---------------+-------+-----
Poison Magic   | 4 |  4.0
Fighting       | |  1.1
Maces & Flails | |  0.9
Dodging        | |  1.3
Spellcasting   | |  1.1
Fire Magic     | |  1.0
Evocations     | |  1.7

Action                     || total
---------------------------++-------
  Melee: Whip              ||    53
         Dagger            ||     7
         Mace              ||    14
         Rapier            ||    10
    Use: Scroll            ||     4
         Potion            ||     4
 Armour: Robe              ||    36
  Dodge: Dodged            ||    80

Table legend: (Time is in decaauts)
 A = Elapsed time spent in this place.
 B = Non-inter-level travel time spent in this place.
 C = Inter-level travel time spent in this place.
 D = Time resting spent in this place.
 E = Time spent auto-exploring this place.
 F = Levels seen in this place.
 G = Mean time per level.
                   A        B        C        D        E       F      G
               +--------+--------+--------+--------+--------+-----+--------+
         Total |   1190 |   1190 |      0 |    217 |      0 |   2 |  595.0 |
       Dungeon |   1190 |   1190 |      0 |    217 |      0 |   2 |  595.0 |
               +--------+--------+--------+--------+--------+-----+--------+

Top non-repeatable levels by time:
     D:1: 921 daAuts
     D:2: 269 daAuts
